AoeStats
← 拉拉车

Coastal Forest

510290502Analyzed
4v4 RM · 14h ago on Sep 30, 2026· 26m 12s· 8 players
Game mode
Random Map
Map size
Large (8 player)
Population
200
Speed
Normal
Resources
Standard
Victory
Conquest
Starting age
Dark Age
Ending age
Imperial Age
RankedLock teamsTeams togetherTeam positionsShared explorationLock speedFull tech treeHidden civsTurbo modeCheats
Victory
Defeat
🇮🇳 Spanish · India
1311
+10
🇦🇷 Britons · Argentina
1161
+15
🇨🇳 Vikings · China
1144
+16
🇮🇳 Khmer · India
1126
+17
🇦🇺 Vietnamese · Australia
1214
-17
🇹🇼 Persians · Taiwan
1172
-15
🇨🇳 Franks · China
1114
-13
🇨🇳 Burgundians · China
1108
-13
Defenestrator
9:51 Loom
12:02 Feudal Age
13:39 Double-Bit Axe
14:56 Horse Collar
19:31 Castle Age
17:59 Gold Mining
18:11 Fishing Lines
21:53 Fletching
21:46 Elite Skirmisher
OAO
12:41 Feudal Age
11:51 Loom
14:09 Double-Bit Axe
16:36 Castle Age
19:04 Bow Saw
20:03 Fishing Lines
番茄没有酒
2:55 Loom
5:34 Double-Bit Axe
11:29 Feudal Age
9:44 Horse Collar
10:08 Gold Mining
16:04 Castle Age
15:15 Heavy Plow
15:29 Bow Saw
15:26 Heavy Plow
17:11 Wheelbarrow
18:46 Stone Mining
21:20 Town Watch
22:53 Hand Cart
23:49 Two-Man Saw
23:27 Gold Shaft Mining
24:20 Scale Barding Armor
拉拉车
10:19 Feudal Age
15:49 Castle Age
14:36 Double-Bit Axe
17:08 Bow Saw
21:10 Wheelbarrow
凯里小风风
5:11 Loom
11:30 Feudal Age
12:23 Double-Bit Axe
18:17 Castle Age
16:23 Horse Collar
17:24 Fishing Lines
17:56 Gold Mining
18:32 Fletching
19:38 Stone Mining
20:28 Bow Saw
20:25 Bodkin Arrow
21:51 Gillnets
22:57 Heavy Plow
23:39 Town Watch
diavolomagro
6:44 Loom
8:52 Feudal Age
9:28 Double-Bit Axe
21:11 Wheelbarrow
20:24 Horse Collar
25:22 Castle Age
23:47 Fletching
23:57 Padded Archer Armor
26:20 Bow Saw
25:32 Crossbowman
26:08 Bodkin Arrow
26:29 Leather Archer Armor
dipsh*t
10:18 Feudal Age
14:58 Castle Age
14:15 Double-Bit Axe
14:56 Horse Collar
15:30 Bloodlines
18:08 Husbandry
19:17 Gold Mining
Broken Angel
7:53 Loom
10:17 Feudal Age
13:53 Castle Age
13:26 Double-Bit Axe
15:06 Bow Saw
15:37 Horse Collar
18:55 Loom
25:50 Wheelbarrow
25:35 Gold Mining
25:58 Heavy Plow
26:40 Padded Archer Armor
Connection lost

Rejoining the realm…

Still unreachable

The connection could not be restored.

Session expired

The server has moved on; the page needs a fresh start.